 Dungeon Crawl Stone Soup version 0.28-a0-957-g42eb19b844 (webtiles) character file.

Game seed: 15100161525513531268

12 Redcow54321 the Skirmisher (level 2, 0/33 HPs)
             Began as an Ogre Berserker on Nov 30, 2021.
             Was a Follower of Trog.
             Slain by a gnoll (3 damage)
             ... on level 1 of the Dungeon.
             The game lasted 00:01:27 (292 turns).

Redcow54321 the Skirmisher (Ogre Berserker)          Turns: 292, Time: 00:01:27

Health: 0/33       AC:  3    Str: 20    XL:     2   Next: 33%
Magic:  2/2        EV: 10    Int:  8    God:    Trog [*.....]
Gold:   15         SH:  0    Dex:  8    Spells: 1/1 levels left

rFire   . . .      SeeInvis .   a - +0 spear
rCold   . . .      Faith    .   (no shield)
rNeg    . . .      Spirit   .   b - +0 animal skin
rPois   .          Reflect  .   (helmet restricted)
rElec   .          Harm     .   (no cloak)
rCorr   .          Rampage  .   (gloves unavailable)
Will    .....                   (boots unavailable)
Stlth   +.........              (no amulet)
HPRegen 0.11/turn               (no ring)
MPRegen 0.08/turn               (no ring)

@: no status effects
A: large, unfitting armour, tough skin 1
a: Renounce Religion, Berserk


You were on level 1 of the Dungeon.
You worshipped Trog.
Trog was aware of your devotion.
You visited 1 branch of the dungeon, and saw 1 of its levels.

You collected 15 gold pieces.

Inventory:

Hand Weapons
 a - a +0 spear (weapon)
Armour
 b - a +0 animal skin (worn)
Jewellery
 e - a ring of flight
Scrolls
 c - a scroll of enchant armour {unknown}
 g - a scroll of brand weapon {unknown}
Potions
 d - a potion of invisibility {unknown}
 f - 2 potions of magic {unknown}


   Skills:
 * Level 4.6 Fighting
 + Level 3.2 Polearms
 - Level 2.6 Dodging


You had one spell level left.
You didn't know any spells.
Your spell library was empty.

Dungeon Overview and Level Annotations

Branches:
Dungeon (1/15)

Altars:

Shops:
D:1 (


Innate Abilities, Weirdness & Mutations

You are too large for most types of armour.
You have tough skin. (AC +1)


Message History

The dart slug is lightly wounded.
The dart slug launches a dart at you. The slug dart hits you.
You reach to attack!
You puncture the dart slug!
The dart slug is almost dead.
The dart slug launches a dart at you. The slug dart hits you.
You barely miss the gnoll.
A rat comes into view.
The gnoll misses you.
You hit the gnoll but do no damage. The gnoll hits you with a +0 club!
The dart slug launches a dart at you. The slug dart hits you.
You hit the gnoll.
The gnoll is lightly wounded.
The gnoll hits you with a +0 club. The dart slug launches a dart at you.
The slug dart hits you.
You are too injured to fight recklessly!
You barely miss the gnoll.
The gnoll is lightly wounded.
The gnoll closely misses you.
You hit the gnoll but do no damage.
The gnoll is lightly wounded.
The gnoll barely misses you.
You hit the gnoll.
The gnoll is lightly wounded.
The gnoll barely misses you. The rat closely misses you.
You closely miss the gnoll.
The gnoll is lightly wounded.
The rat bites you. The gnoll hits you with a +0 club.
* * * LOW HITPOINT WARNING * * *
You closely miss the gnoll.
The gnoll is lightly wounded.
The rat barely misses you. The gnoll hits you with a +0 club.
* * * LOW HITPOINT WARNING * * *
You hit the gnoll but do no damage.
The gnoll is lightly wounded.
The rat barely misses you. The gnoll hits you with a +0 club.
You die...

#.#...........#)....#............
#.#........................##...#
#)#..............∩.......########
#.#....................÷)# #
#.#...........#.÷..)#.......#
#.#..........###...##.#...#.#
#.#..........# #..........#^#
#.............###..>###...#8#
#......######.#.@g...###..#^# .
#......#....#.#..r........#.####.
#......#....#.#...w......##......
#(.....#....#.........#..........
#......#....#..#.#...............
#......#....#....................
#......###'##.#.....##...........
######..............###..........
#########.#....# #.........>


You could see a gnoll, a dart slug and a rat.

Vanquished Creatures
  A ball python (D:1)
  3 endoplasms (D:1)
  A giant cockroach (D:1)
  A goblin (D:1)
  A hobgoblin (D:1)
  A quokka (D:1)
  A frilled lizard (D:1)
  A rat (D:1)
10 creatures vanquished.

Notes
Turn   | Place    | Note
-------+----------+-------------------------------------------
     0 | D:1      | Redcow54321 the Ogre Berserker began the quest for the Orb.
     0 | D:1      | Reached XP level 1. HP: 24/24 MP: 1/1
    35 | D:1      | Found Orchojeyf's Weapon Shoppe.
    44 | D:1      | Reached XP level 2. HP: 21/33 MP: 2/2
   292 | D:1      | Slain by a gnoll

Illustrated notes

Levels and vault maps discovered:
D:1:      ncdulo_wetmaze, layout_rooms,
          dreamdust_ecumenical_altar_drowned_temple, serial_shops,
          nicolae_shop_bloodbath_and_beyond, ebering_dispersal_statue_hall,
          nrook_mini_vaults

Action                   || total
-------------------------++-------
Melee: Spear             ||    35
Armor: Animal skin       ||     4
Dodge: Dodged            ||    11

Table legend: (Time is in decaauts)
 A = Elapsed time spent in this place.
 B = Non-inter-level travel time spent in this place.
 C = Inter-level travel time spent in this place.
 D = Time resting spent in this place.
 E = Time spent auto-exploring this place.
 F = Levels seen in this place.
 G = Mean time per level.
                   A        B        C        D        E       F      G
               +--------+--------+--------+--------+--------+-----+--------+
         Total |    297 |    297 |      0 |      0 |    215 |   1 |  297.0 |
       Dungeon |    297 |    297 |      0 |      0 |    215 |   1 |  297.0 |
               +--------+--------+--------+--------+--------+-----+--------+

Top non-repeatable levels by time:
     D:1: 297 daAuts
